Map: 킹스 코브 - 래더

Players

INnoVation - Winner!

  • Race: Terran Terran
  • Spawn Location: 5:00

Serral

  • Race: Zerg Zerg
  • Spawn Location: 11:00

Event: IEM Season 13: Katowice (2019)

VOD

Have the link to the VOD?

Description

Time

  • Played on: March 1, 2019, 9:57 a.m.
  • Length: 44:02

All games in this series

Show
View Real Time Build Order
Export as new Build Order

INnoVation Terran - Winner!

Build Orders: Liberator Opening 

Get SALT Encoding   

  12  0:00  SCV  
  13  0:12  SCV  
  14  0:18  Supply Depot  
  14  0:25  SCV  
  15  0:29  Refinery  
  15  0:39  SCV  
  16  0:45  Barracks  
  16  0:51  SCV  
  17  1:03  SCV  
  18  1:16  SCV  
  19  1:32  Orbital Command, Reaper  
  20  1:45  Command Center  
  20  1:58  Factory  
  20  2:00  SCV  
  21  2:06  Barracks Reactor  
  21  2:12  SCV  
  22  2:16  Supply Depot  
  22  2:20  Refinery  
  22  2:24  SCV  
  23  2:37  SCV  
  24  2:44  Starport  
  24  2:47  Hellion x2  
  24  2:49  SCV  
  29  2:53  Marine  
  30  2:59  Orbital Command  
  30  3:03  SCV  
  31  3:07  Liberator  
  31  3:15  SCV  
  31  3:16  Hellion  
  31  3:18  Hellion  
  39  3:29  SCV  
  39  3:30  SCV  
  41  3:34  Supply Depot  
  41  3:42  Hellion x2  
  41  3:45  SCV x2  
  46  3:49  Barracks Tech Lab  
  46  3:51  Liberator  
  46  3:57  SCV x2  
  46  4:03  Supply Depot  
  46  4:07  Marine  
  46  4:09  SCV  
  52  4:10  SCV  
  52  4:13  Stimpack  
  52  4:20  Factory Tech Lab  
  52  4:22  SCV x2  
  54  4:25  Marine  
  55  4:34  SCV x2  
  57  4:43  Marine  
  52  4:46  SCV x2  
  52  4:48  Command Center  
  50  4:54  Starport Reactor  
  50  4:59  Supply Depot  
  50  5:00  SCV x2, Barracks  
  50  5:01  Marine  
  50  5:03  Siege Tank  
  50  5:04  Barracks  
  56  5:11  Engineering Bay  
  56  5:12  SCV  
  57  5:14  Engineering Bay, SCV  
  58  5:23  Refinery x2  
  58  5:25  SCV  
  58  5:26  Marine, Supply Depot, SCV  
  61  5:35  Siege Tank  
  57  5:37  SCV  
  57  5:38  SCV  
  58  5:44  Terran Infantry Weapons Level 1, Terran Infantry Armor Level 1  
  56  5:51  SCV x2  
  56  5:56  Marine x2  
  60  6:03  Marine x2, SCV x2  
  60  6:04  Marine, Starport Reactor  
  65  6:11  Siege Tank  
  65  6:15  SCV x2  
  65  6:17  Marine x2  
  72  6:20  Orbital Command  
  72  6:21  Marine x3  
  75  6:27  SCV x2  
  75  6:29  Combat Shield  
  77  6:36  Marine x2  
  77  6:39  Marine x3, SCV x2  
  84  6:40  Medivac  
  84  6:41  Supply Depot  
  84  6:44  Medivac  
  84  6:45  Orbital Command  
  88  6:51  SCV x2, Siege Tank  
  93  7:00  Barracks x2  
  93  7:01  Armory  
  93  7:07  Supply Depot  
  93  7:08  SCV x2  
  95  7:13  Refinery, SCV  
  96  7:18  Marine  
  96  7:19  Marine x4, Supply Depot  
  101  7:28  SCV x3  
  104  7:31  Siege Tank  
  104  7:32  Supply Depot  
  104  7:36  Marine x3  
  104  7:37  Marine x2  
  106  7:40  SCV x3  
  106  7:42  Refinery  
  112  7:47  Barracks Reactor  
  107  7:53  SCV x3  
  107  7:56  Marine x4  
  107  7:57  Barracks Reactor  
  107  7:58  Marine  
  99  8:01  Supply Depot  
  99  8:03  Siege Tank  
  99  8:05  SCV x3  
  104  8:08  Terran Infantry Weapons Level 2  
  104  8:10  Terran Infantry Armor Level 2  
  105  8:18  Marine x2  
  105  8:19  Marine x2, Factory  
  109  8:23  Marine x3  
  112  8:32  Medivac x2  
  116  8:35  Marine x2, Siege Tank  
  116  8:36  Marine x2  
  123  8:43  Supply Depot  
  118  8:50  Command Center  
  118  8:52  Marine x4  
  119  8:57  Marine x4  
  123  9:03  Medivac  
  123  9:04  Medivac  
  123  9:05  Factory Tech Lab  
  123  9:09  Marine x2  
  128  9:10  Supply Depot, Marine  
  128  9:14  Siege Tank  
  128  9:16  Terran Vehicle And Ship Armor Level 1  
  133  9:17  SCV  
  133  9:18  SCV  
  133  9:21  SCV  
  139  9:24  Siege Tank  
  139  9:30  Marine x2  
  139  9:31  Marine  
  141  9:34  SCV x3  
  141  9:36  Supply Depot  
  131  9:50  SCV x3  
  131  9:51  Barracks x2  
  131  9:52  Barracks  
  134  9:58  Siege Tank x2  
  140  10:02  SCV x3  
  140  10:05  Planetary Fortress  
  143  10:14  Refinery  
  143  10:15  Refinery  
  143  10:18  SCV x3  
  137  10:26  Command Center  
  137  10:29  Terran Infantry Weapons Level 3  
  137  10:31  Terran Infantry Armor Level 3  
  137  10:37  Sensor Tower  
  137  10:40  Barracks Tech Lab  
  137  10:41  Barracks Tech Lab  
  137  10:42  Barracks Tech Lab  
  137  10:45  Marine  
  137  10:46  Marine x3, Marauder  
  146  10:53  Fusion Core, Starport  
  146  10:55  Starport  
  143  10:57  Concussive Shells  
  143  11:02  Marauder x3  
  149  11:05  Ghost Academy  
  149  11:07  Marauder  
  151  11:16  Marine x4  
  151  11:18  Liberator x2  
  155  11:19  Drilling Claws  
  155  11:22  Marine x3  
  155  11:23  Marauder x2  
  155  11:24  Marauder  
  164  11:28  Factory Reactor  
  164  11:29  Marauder  
  164  11:30  Supply Depot  
  166  11:34  Starport Reactor, Starport Tech Lab  
  172  11:42  Sensor Tower  
  172  11:44  Liberator  
  172  11:52  Marauder x4  
  172  11:54  Supply Depot  
  179  11:55  Planetary Fortress  
  179  12:00  Advanced Ballistics  
  178  12:02  Personal Cloaking  
  178  12:03  Liberator  
  178  12:04  Liberator  
  178  12:07  Terran Vehicle And Ship Armor Level 2  
  178  12:08  Armory  
  181  12:10  Liberator  
  178  12:25  Liberator, Refinery  
  178  12:26  Refinery  
  178  12:27  Liberator  
  178  12:29  Command Center  
  181  12:37  Command Center  
  186  12:56  Command Center  
  186  12:58  Command Center  
  186  13:13  Ghost x4  
  186  13:19  Terran Ship Weapons Level 1  
  194  13:28  Liberator x2, Command Center  
  194  13:29  Command Center  
  194  13:38  Starport Reactor  
  194  13:39  Missile Turret  
  194  13:40  Missile Turret  
  194  13:45  Liberator  
  200  14:02  Liberator x2, Ghost x2  
  160  14:23  SCV x2  
  160  14:24  Orbital Command x2, SCV  
  163  14:25  Orbital Command  
  163  14:29  Planetary Fortress  
  162  14:35  SCV x2  
  162  14:36  Marine, SCV, Marauder x2  
  162  14:37  Marine x7, Marauder x2  
  181  14:38  Medivac x3  
  181  14:44  Orbital Command  
  181  14:45  Medivac  
  173  14:47  SCV  
  173  14:48  SCV x2  
  160  14:54  Marine  
  160  14:57  Marine x6  
  160  14:58  Marine, Marauder x4  
  128  15:07  Medivac x2  
  176  15:09  Terran Vehicle And Ship Armor Level 3  
  180  15:21  Sensor Tower  
  180  15:25  Ghost  
  180  15:26  Ghost x2  
  180  15:27  Marauder  
  200  15:31  Sensor Tower  
  200  15:36  Planetary Fortress  
  200  15:39  Refinery x2  
  200  15:46  Marine x2  
  199  15:54  Command Center  
  196  15:57  Command Center x2  
  196  15:58  Terran Ship Weapons Level 2, Nuke  
  196  16:03  Viking  
  196  16:04  Viking x5  
  190  16:07  Missile Turret  
  190  16:10  Missile Turret  
  195  16:19  Marauder x2  
  195  16:21  Marine  
  200  16:31  Missile Turret  
  200  16:32  Barracks  
  200  16:34  Barracks  
  200  16:37  Barracks  
  200  16:38  Neosteel Armor, Hi-Sec Auto Tracking  
  200  16:52  Missile Turret  
  199  16:55  Missile Turret, Viking, Command Center  
  200  17:04  Command Center  
  194  17:18  Viking x3  
  194  17:19  Orbital Command x2  
  200  17:24  Missile Turret  
  200  17:26  Barracks Tech Lab x2  
  200  17:27  Barracks Tech Lab  
  200  17:35  Ghost Academy x2  
  200  17:36  Ghost Academy  
  195  17:38  Ghost Academy  
  195  17:41  Viking x2  
  199  17:44  Viking  
  199  17:50  Viking  
  200  18:01  Command Center  
  194  18:16  Viking x2  
  198  18:21  Sensor Tower, Marauder  
  198  18:22  Missile Turret  
  199  18:37  Planetary Fortress  
  199  18:39  Missile Turret  
  192  18:42  Nuke x4  
  192  18:46  Command Center  
  183  18:55  Marine, Marauder  
  183  18:56  Marine x10, Marauder x3  
  189  19:05  Planetary Fortress, Command Center  
  183  19:12  Nuke  
  183  19:14  Terran Ship Weapons Level 3, Marauder x2  
  184  19:17  Orbital Command  
  184  19:21  Marine x7, Marauder  
  184  19:22  Marauder  
  195  19:32  Ghost x2  
  199  19:42  Marine  
  200  19:53  Nuke  
  200  19:57  Ghost  
  200  20:17  Medivac x2  
  198  20:27  Ghost  
  198  20:28  Ghost x2  
  198  20:33  Marine x3  
  197  20:37  Medivac x2  
  197  20:39  Marine x5, Marauder x4  
  180  20:45  Nuke x2  
  180  20:46  Nuke x2  
  180  20:51  Marine x3  
  180  20:56  Marine, Ghost, Command Center  
  180  20:57  Marine, Marauder, Medivac x2  
  188  20:58  Marine x4  
  188  20:59  Ghost  
  188  21:03  Nuke  
  199  21:09  Marine  
  200  21:15  Planetary Fortress  
  200  21:16  Missile Turret  
  200  21:17  Missile Turret  
  199  21:20  Missile Turret  
  199  21:21  Marine, Missile Turret  
  200  21:36  Missile Turret  
  200  21:38  Missile Turret  
  192  21:40  Viking  
  192  21:41  Ghost x2  
  192  21:42  Marine x4, Missile Turret, Marauder x2  
  192  21:44  Missile Turret  
  192  21:46  Refinery, Planetary Fortress  
  200  21:57  Missile Turret  
  200  22:01  Refinery  
  200  22:11  Nuke x3  
  195  22:16  Ghost x3  
  176  22:30  Ghost x4  
  184  22:42  Nuke x2  
  179  22:44  Marine x7  
  179  22:45  Marine, Marauder  
  179  22:46  Marauder x2, Medivac x2  
  179  22:47  Medivac  
  199  22:58  Marine  
  200  23:05  Missile Turret  
  200  23:13  Nuke  
  200  23:14  Nuke  
  200  23:35  Sensor Tower  
  200  23:43  Ghost  
  191  23:48  Marine  
  191  23:49  Marine x6, Marauder  
  191  23:52  Nuke  
  198  24:13  Nuke x2  
  198  24:14  Nuke  
  198  24:22  Ghost  
  198  24:23  Marine, Ghost x3  
  198  24:24  Marine x3  
  197  24:32  Viking  
  199  24:39  Refinery  
  199  24:40  Refinery  
  199  24:41  Missile Turret  
  199  24:50  Command Center  
  199  24:51  Missile Turret  
  199  24:52  Missile Turret  
  199  25:05  Ghost  
  199  25:06  Marine  
  198  25:14  Ghost  
  198  25:19  Missile Turret x2  
  198  25:20  Missile Turret, Nuke  
  200  25:21  Missile Turret  
  200  25:22  Nuke  
  200  25:30  Ghost  
  200  25:34  Nuke  
  175  25:59  Ghost x5  
  175  26:00  Marine x8  
  175  26:01  Marauder x2  
  193  26:06  Medivac x2  
  196  26:15  Medivac x2  
  196  26:18  Marine x4  
  199  26:23  Nuke x2  
  200  26:36  Nuke  
  200  26:37  Ghost  
  199  26:50  Ghost  
  199  26:51  Ghost x2  
  199  26:52  Marine  
  199  26:53  Marine x2, Marauder x2  
  198  26:59  Marauder  
  200  27:08  Nuke  
  195  27:25  Marine, Marauder  
  195  27:26  Marauder  
  200  27:40  Nuke  
  199  27:46  Marine  
  200  27:56  Marine x2, Marauder x2  
  200  27:57  Marine x2  
  200  28:06  Planetary Fortress  
  200  28:10  Nuke x3  
  182  28:17  Marine  
  182  28:18  Marine x9, Marauder x3  
  195  28:35  Command Center  
  195  28:36  Marine, Marauder  
  195  28:37  Marauder  
  200  28:51  Missile Turret x2  
  200  28:52  Missile Turret  
  194  29:11  Nuke  
  194  29:16  Marine, Marauder x2  
  197  29:17  Marine x2  
  197  29:21  Marine  
  197  29:23  Refinery  
  197  29:24  Refinery  
  200  29:36  Nuke x2  
  200  29:42  Missile Turret  
  200  29:43  Ghost  
  200  29:44  Marauder  
  200  29:52  Marine  
  197  29:53  Marauder  
  197  29:57  Marine x8, Marauder x2  
  197  29:58  Marauder  
  197  29:59  Medivac x2  
  187  30:05  Marauder  
  187  30:06  Nuke  
  188  30:10  Marine  
  188  30:12  Marauder  
  191  30:14  Marine, Marauder  
  191  30:15  Marine x2, Marauder  
  196  30:24  Orbital Command  
  196  30:25  Missile Turret  
  196  30:28  Command Center  
  196  30:29  Marine x4  
  200  30:38  Nuke  
  200  30:49  Marauder  
  200  30:52  Nuke  
  196  31:04  Nuke  
  196  31:06  Ghost x2  
  200  31:16  Marine x7, Missile Turret  
  200  31:17  Marine, Marauder x5  
  198  31:34  Marine x2  
  198  31:38  Missile Turret x2  
  198  31:39  Nuke  
  200  31:40  Nuke  
  200  31:43  Marine  
  200  31:44  Marine x6, Marauder x3  
  200  31:45  Marauder x3  
  196  31:53  Medivac  
  198  31:54  Medivac  
  198  31:57  Nuke  
  200  32:12  Nuke  
  197  32:33  Nuke x2  
  197  32:42  Ghost x2  
  199  32:49  Liberator  
  199  32:50  Liberator x2  
  197  32:57  Ghost x4  
  200  33:03  Nuke  
  200  33:25  Nuke x2  
  200  33:33  Nuke  
  200  33:37  Orbital Command  
  200  33:54  Refinery  
  200  34:09  Marine, Marauder  
  163  34:10  Marine x7, Marauder x6  
  169  34:27  Marine x6  
  169  34:28  Marine x2  
  169  34:30  Marine x2  
  169  34:31  Marine, Marauder x4  
  188  34:32  Nuke x2  
  188  34:45  Marine x8  
  189  34:49  Marauder x2  
  200  35:05  Command Center  
  200  35:22  Missile Turret  
  200  35:23  Nuke  
  199  35:44  Command Center  
  196  35:53  Nuke  
  196  35:54  Nuke  
  196  35:59  Viking x2  
  200  36:22  Planetary Fortress  
  197  36:32  Viking  
  197  36:39  Viking  
  196  37:12  Viking x3  
  196  37:13  Ghost x3  
  196  37:14  Viking x3  
  174  37:20  Ghost  
  174  37:21  Marine x4, Ghost x3  
  174  37:22  Marine x4  
  153  37:39  Marine  
  153  37:41  Ghost x2  
  153  37:42  Viking x3, Ghost  
  155  37:44  Viking x3  
  155  37:49  Nuke  
  153  38:04  Marine x3  
  153  38:05  Marine x7, Ghost x2  
  162  38:10  Ghost x3  
  162  38:12  Viking x3  
  178  38:14  Viking  
  178  38:16  Viking  
  178  38:17  Viking  
  184  38:20  Orbital Command  
  184  38:22  Marine, Ghost x2  
  189  38:34  Marauder  
  189  38:35  Marauder, Command Center  
  189  38:39  Marauder  
  195  38:42  Viking x2, Nuke x2  
  179  39:11  Marine  
  179  39:12  Marine x5, Marauder x3  
  191  39:18  Nuke  
  191  39:19  Nuke x2  
  185  39:40  Marine  
  185  39:41  Marine x7, Marauder  
  194  39:52  Liberator x2  
  193  40:08  Missile Turret, Sensor Tower  
  199  40:19  Refinery  
  199  40:21  Refinery  
  199  40:22  Planetary Fortress  
  199  41:00  Liberator  
  198  41:05  Refinery  
  198  41:08  Missile Turret  
  198  41:10  Missile Turret  
  188  41:20  Marine x5, Marauder x4  
  192  41:30  Missile Turret x2  
  192  41:31  Missile Turret  
  192  41:33  Missile Turret  
  192  41:34  Marine x3, Marauder x2  
  192  41:36  Marine  
  200  42:18  Nuke  
  200  42:22  Missile Turret  
  200  42:36  Nuke  
  197  42:47  Missile Turret  
  197  42:54  Nuke  
  197  42:55  Nuke  
  192  43:09  Missile Turret  
  189  43:17  Medivac x2  
  189  43:37  Missile Turret  
Show
View Real Time Build Order
Export as new Build Order

Serral Zerg 

Build Orders: Pool First 

Get SALT Encoding   

  12  0:00  Drone  
  13  0:12  Overlord  
  13  0:18  Drone  
  14  0:30  Drone x2  
  16  0:40  Spawning Pool  
  15  0:45  Drone  
  15  0:48  Drone  
  17  1:11  Hatchery  
  17  1:13  Drone  
  17  1:28  Zergling x6  
  17  1:32  Queen  
  22  1:34  Extractor  
  21  1:40  Overlord  
  21  1:50  Drone  
  22  2:01  Drone  
  23  2:08  Queen  
  25  2:12  Drone  
  26  2:23  Queen, Drone x2  
  30  2:33  Drone  
  30  2:34  Drone  
  30  2:36  Metabolic Boost  
  32  2:40  Drone  
  32  2:42  Drone  
  34  2:48  Overlord  
  34  3:03  Hatchery  
  33  3:06  Drone  
  33  3:08  Drone  
  33  3:10  Drone  
  36  3:13  Drone  
  36  3:15  Drone  
  36  3:19  Drone  
  39  3:23  Drone x2  
  41  3:27  Overlord  
  41  3:33  Zergling x2  
  41  3:41  Drone, Roach Warren  
  41  3:46  Zergling x2  
  41  3:47  Drone x3  
  45  3:49  Drone, Extractor  
  45  3:53  Drone  
  45  3:54  Drone  
  47  3:58  Drone x2  
  48  4:02  Overlord  
  48  4:08  Queen  
  48  4:09  Overlord  
  51  4:11  Overlord  
  51  4:19  Queen, Baneling Nest  
  52  4:25  Drone  
  52  4:27  Spore Crawler, Zergling x2  
  53  4:31  Drone  
  53  4:33  Spore Crawler  
  53  4:37  Zergling x2  
  53  4:38  Zergling x4  
  51  4:40  Zergling x2  
  51  4:41  Zergling x2  
  51  4:45  Drone  
  40  4:47  Drone  
  40  4:49  Drone  
  40  4:50  Drone  
  40  4:51  Drone  
  46  4:54  Drone x2  
  46  4:59  Drone  
  49  5:02  Drone  
  50  5:08  Drone  
  50  5:09  Drone  
  52  5:15  Drone x2  
  52  5:16  Drone  
  52  5:19  Drone  
  56  5:27  Drone x4  
  60  5:30  Drone x3  
  62  5:37  Evolution Chamber  
  62  5:38  Evolution Chamber, Drone  
  62  5:39  Drone  
  62  5:40  Drone  
  63  5:43  Drone x2  
  63  5:44  Drone  
  63  5:48  Drone  
  62  5:50  Drone  
  62  5:51  Drone  
  62  5:54  Drone  
  62  5:56  Drone  
  66  5:57  Drone x2  
  68  6:07  Zerg Ground Armor Level 1  
  68  6:08  Zerg Melee Weapons Level 1  
  68  6:09  Spore Crawler, Drone x2  
  68  6:10  Drone  
  70  6:13  Overlord  
  70  6:16  Lair  
  70  6:17  Drone  
  71  6:20  Extractor  
  71  6:21  Spore Crawler, Drone  
  71  6:22  Drone  
  71  6:25  Drone x3  
  71  6:30  Baneling Nest  
  71  6:31  Overlord  
  71  6:32  Extractor  
  72  6:33  Drone x2  
  72  6:35  Drone x2  
  72  6:38  Drone x2  
  78  6:46  Hatchery  
  77  6:48  Zergling x6  
  77  6:52  Overlord  
  80  6:56  Zergling x10  
  80  7:01  Zergling x8  
  88  7:13  Zergling x12  
  94  7:18  Baneling x7  
  94  7:19  Baneling, Centrifical Hooks  
  94  7:23  Overlord  
  94  7:24  Overlord  
  94  7:25  Hydralisk Den, Zergling x4  
  94  7:28  Zergling x6  
  98  7:40  Overlord  
  98  7:41  Overlord x2  
  98  7:43  Zergling x10  
  87  7:52  Zergling x14  
  84  7:59  Queen, Zergling x8  
  87  8:07  Baneling x6  
  87  8:13  Hydralisk x5  
  87  8:15  Muscular Augments  
  87  8:19  Zergling x8  
  100  8:23  Baneling x7  
  100  8:24  Zergling x2  
  100  8:26  Zergling x2  
  101  8:34  Zergling x16  
  108  8:46  Zergling x22  
  112  8:53  Zerg Ground Armor Level 2  
  112  8:55  Zerg Melee Weapons Level 2  
  112  8:58  Drone x2  
  112  8:59  Drone  
  115  9:03  Drone  
  115  9:04  Drone x3  
  115  9:08  Baneling x2  
  115  9:09  Baneling x5  
  119  9:12  Hydralisk  
  121  9:17  Overlord x2  
  121  9:22  Drone x2  
  122  9:25  Hydralisk x2  
  122  9:26  Zergling x8  
  122  9:30  Hydralisk  
  122  9:31  Hydralisk  
  132  9:35  Drone x4  
  138  9:41  Baneling x2  
  138  9:42  Baneling x2  
  138  9:43  Drone  
  138  9:44  Drone  
  138  9:45  Drone x2  
  136  9:47  Zergling x12  
  142  9:57  Extractor  
  142  9:58  Infestation Pit  
  140  10:06  Hatchery  
  140  10:07  Hydralisk x4  
  146  10:17  Grooved Spines  
  146  10:19  Drone x2  
  146  10:21  Drone x3  
  148  10:24  Zergling x8  
  148  10:25  Overlord x6  
  152  10:28  Baneling x5  
  152  10:34  Overlord  
  152  10:40  Hive, Overlord  
  152  10:42  Drone x2  
  151  10:44  Drone x2  
  151  10:46  Zergling x14  
  160  10:51  Drone  
  160  10:52  Drone, Extractor  
  160  10:53  Extractor  
  160  10:56  Drone x3  
  163  10:57  Drone  
  163  10:59  Overseer  
  163  11:01  Baneling x4  
  163  11:02  Baneling x2  
  163  11:03  Pneumatized Carapace  
  164  11:09  Hydralisk x2  
  164  11:10  Zergling x14  
  174  11:17  Zergling x12  
  180  11:19  Queen  
  182  11:26  Hatchery  
  182  11:28  Zergling x12  
  185  11:40  Spore Crawler, Spine Crawler  
  185  11:42  Baneling x2  
  185  11:43  Baneling x6  
  183  11:52  Drone x2  
  183  11:53  Zerg Melee Weapons Level 3, Zerg Ground Armor Level 3  
  185  11:55  Zergling x26  
  198  12:01  Overseer  
  198  12:05  Adrenal Glands  
  198  12:07  Extractor  
  193  12:27  Spire  
  193  12:28  Ultralisk Cavern  
  190  12:37  Extractor  
  186  12:45  Viper x2  
  186  12:48  Extractor  
  186  12:49  Drone x3  
  194  12:52  Drone  
  194  12:53  Spore Crawler  
  194  12:54  Baneling x2  
  194  12:55  Baneling x6, Zergling x2, Spore Crawler  
  194  12:56  Spine Crawler, Zergling x12  
  199  13:03  Spine Crawler  
  199  13:04  Spore Crawler  
  199  13:05  Spire, Hatchery  
  196  13:19  Pathogen Glands  
  196  13:20  Extractor, Burrow  
  196  13:25  Spore Crawler, Extractor  
  193  13:28  Spore Crawler, Spine Crawler  
  193  13:33  Drone x2  
  193  13:34  Drone x3  
  196  13:46  Baneling x6  
  193  14:05  Drone x3  
  193  14:06  Drone x3  
  150  14:17  Corruptor x12  
  150  14:19  Zergling x42  
  172  14:33  Drone x2  
  172  14:35  Zerg Flyer Weapons Level 1  
  172  14:36  Greater Spire  
  168  14:43  Drone x2  
  168  14:44  Drone x2  
  168  14:45  Drone  
  161  14:50  Drone  
  160  15:02  Zerg Missile Weapons Level 1  
  160  15:13  Infestor x2  
  160  15:14  Infestor  
  165  15:15  Neural Parasite  
  167  15:27  Spore Crawler  
  165  15:33  Hatchery  
  159  15:47  Brood Lord x9  
  175  15:52  Drone x3  
  175  15:55  Zerg Flyer Armor Level 1  
  178  15:58  Corruptor x2  
  178  16:04  Overseer x2  
  182  16:12  Corruptor x3  
  182  16:15  Spore Crawler  
  185  16:26  Brood Lord x3  
  191  16:42  Corruptor x2  
  191  16:43  Corruptor  
  191  16:44  Infestor  
  194  17:12  Hatchery  
  193  17:19  Corruptor x3  
  193  17:21  Drone  
  200  17:26  Zerg Missile Weapons Level 2  
  200  17:36  Zerg Flyer Weapons Level 2  
  198  17:38  Drone x2  
  198  17:39  Drone x2  
  198  17:40  Drone  
  198  17:41  Spore Crawler  
  198  17:43  Spore Crawler x3  
  194  17:45  Spore Crawler  
  194  17:48  Extractor  
  194  17:50  Extractor  
  191  17:54  Hatchery  
  190  17:59  Viper x2  
  195  18:20  Spore Crawler, Drone x3  
  195  18:21  Spore Crawler  
  196  18:28  Baneling x3  
  189  18:37  Zergling x12  
  189  18:39  Zergling x8  
  191  18:43  Zergling x6  
  191  18:51  Zergling x6  
  191  18:52  Zergling x10  
  193  19:07  Drone x4  
  193  19:09  Drone x2  
  197  19:15  Zerg Flyer Armor Level 2  
  197  19:17  Drone x2  
  199  19:18  Spore Crawler  
  199  19:19  Spore Crawler  
  199  19:21  Baneling x2  
  199  19:22  Baneling x3  
  197  19:24  Overseer x3  
  197  19:26  Infestor  
  197  19:29  Spore Crawler x2, Zergling x2  
  197  19:31  Spore Crawler x2  
  196  19:38  Spore Crawler  
  195  19:47  Overseer x3  
  195  19:55  Baneling x5, Overseer  
  195  20:12  Drone  
  192  20:16  Zergling x24  
  192  20:21  Baneling x11  
  190  20:26  Extractor, Zergling x10  
  190  20:27  Zergling x12  
  181  20:39  Infestor x5  
  181  20:46  Hatchery  
  180  20:50  Baneling x5  
  180  20:51  Baneling  
  180  20:56  Hatchery  
  179  20:58  Drone x4  
  179  20:59  Drone x7  
  176  21:06  Drone x2, Extractor  
  176  21:09  Infestor x4  
  185  21:13  Overseer  
  185  21:14  Zerg Flyer Weapons Level 3  
  185  21:15  Overseer  
  185  21:18  Brood Lord x2  
  189  21:31  Spore Crawler  
  186  21:43  Corruptor x3  
  186  21:45  Drone x5  
  186  21:46  Zergling x6  
  199  21:48  Baneling x6  
  187  22:20  Drone x6  
  189  22:24  Zergling x2  
  189  22:25  Zergling x6  
  193  22:30  Baneling x2  
  193  22:33  Zergling x8  
  197  22:38  Zergling x4  
  197  22:39  Zergling x2  
  200  22:48  Drone  
  200  22:49  Drone  
  198  22:51  Zerg Missile Weapons Level 3  
  198  23:17  Zerg Flyer Armor Level 3  
  198  23:36  Hatchery  
  195  23:48  Zergling x34  
  190  23:52  Overlord x2  
  192  24:10  Zergling x6  
  192  24:15  Infestor  
  197  24:22  Hatchery  
  197  24:24  Drone x3  
  194  24:38  Queen x2, Overlord  
  198  24:50  Hatchery  
  197  24:57  Baneling x6  
  197  24:58  Zergling x6  
  200  25:07  Spore Crawler  
  200  25:08  Spore Crawler  
  200  25:09  Spore Crawler, Drone  
  200  25:10  Drone  
  200  25:11  Spore Crawler, Drone  
  200  25:12  Spore Crawler x2  
  198  25:15  Spore Crawler  
  198  25:20  Baneling  
  198  25:21  Baneling x3  
  195  25:37  Hatchery  
  191  25:44  Zergling x20  
  194  25:56  Zergling x6  
  197  26:06  Drone x3  
  200  26:12  Spore Crawler  
  200  26:14  Spore Crawler  
  200  26:15  Baneling x2  
  200  26:16  Baneling x2  
  198  26:19  Drone x2  
  198  26:23  Spore Crawler  
  198  26:26  Extractor  
  197  26:33  Spore Crawler  
  194  26:44  Zergling x8  
  197  26:51  Hatchery  
  197  26:53  Drone x2  
  191  26:55  Drone  
  191  26:56  Drone x2  
  191  26:57  Extractor  
  191  26:59  Corruptor  
  191  27:00  Corruptor x2  
  199  27:05  Spore Crawler x2  
  197  27:14  Baneling x4  
  197  27:22  Drone x2  
  199  27:28  Spore Crawler  
  199  27:30  Spore Crawler  
  199  27:32  Zergling x2  
  195  27:59  Zergling x10  
  197  28:10  Zergling x14  
  195  28:23  Baneling x5  
  195  28:26  Spore Crawler, Extractor  
  193  28:28  Zergling x12  
  193  28:31  Extractor  
  192  28:51  Drone  
  192  28:53  Baneling x5  
  192  28:54  Baneling  
  191  29:11  Drone x2  
  193  29:17  Nydus Network  
  193  29:18  Ultralisk Cavern, Overlord  
  193  29:21  Zergling x18  
  199  29:26  Baneling  
  199  29:27  Baneling x3  
  198  29:36  Zergling x4  
  194  29:47  Baneling  
  194  29:48  Baneling x3  
  182  30:01  Zergling x8  
  182  30:02  Zergling x2  
  182  30:05  Chitinous Plating  
  182  30:06  Zergling x6  
  182  30:07  Zergling x18  
  199  30:14  Hatchery  
  198  30:28  Baneling x7  
  198  30:29  Overseer  
  198  30:34  Baneling x2  
  198  30:35  Baneling  
  196  31:05  Nydus Canal  
  196  31:12  Corruptor x2  
  196  31:15  Zergling x22  
  197  31:21  Zergling x4  
  199  31:27  Ultralisk Cavern  
  198  31:33  Zergling x2  
  189  31:46  Baneling x2  
  189  31:47  Baneling x4  
  185  31:48  Baneling x15, Zergling x12  
  185  31:49  Zergling x16  
  198  32:07  Baneling  
  198  32:08  Baneling x29  
  198  32:12  Corruptor  
  198  32:13  Corruptor x2  
  198  32:16  Anabolic Synthesis  
  198  32:22  Hatchery  
  193  32:45  Corruptor  
  193  32:46  Corruptor x2  
  198  32:51  Overlord  
  198  32:55  Hatchery  
  190  33:02  Infestor x3  
  190  33:03  Infestor x4  
  190  33:04  Corruptor x4  
  179  33:06  Overlord  
  179  33:07  Overlord  
  179  33:16  Ultralisk x2  
  191  33:25  Brood Lord x4  
  199  33:27  Infestor  
  199  33:37  Hatchery  
  198  33:46  Nydus Canal  
  198  34:08  Zergling x8  
  198  34:09  Zergling x16  
  195  34:11  Drone x4  
  198  34:37  Baneling x2  
  198  34:38  Overseer  
  198  34:50  Baneling x6  
  198  34:51  Baneling x2  
  196  34:56  Zergling x2  
  196  34:57  Zergling x6  
  188  35:22  Zergling x18  
  195  35:40  Zergling x10  
  198  35:53  Baneling x3  
  198  35:54  Baneling x19  
  198  35:56  Zergling x4  
  200  36:17  Nydus Canal  
  199  36:30  Hatchery  
  196  36:39  Zergling x8  
  199  36:43  Hatchery  
  198  36:49  Nydus Canal  
  161  37:10  Zergling x26  
  144  37:23  Zergling x22  
  155  37:32  Corruptor x3  
  171  37:51  Drone x7  
  167  38:08  Hatchery  
  166  38:16  Infestor  
  166  38:17  Infestor x7  
  166  38:18  Infestor  
  176  38:24  Baneling x4  
  174  38:38  Spore Crawler  
  172  38:51  Brood Lord x3  
  115  39:26  Brood Lord x3  
  121  39:38  Overseer  
  121  39:51  Brood Lord  
  123  39:59  Overseer  
  123  40:05  Brood Lord  
  125  40:08  Brood Lord  
  129  40:28  Brood Lord  
  129  40:29  Brood Lord  
  131  40:42  Overseer  
  131  40:43  Overseer  
  130  41:01  Extractor x2  
  125  41:17  Overseer  
  115  41:26  Brood Lord  
  115  41:32  Hatchery  
  116  41:52  Queen  
  118  42:03  Corruptor  
  120  42:16  Corruptor  
  120  42:21  Brood Lord  
  125  42:23  Brood Lord  
  121  42:51  Corruptor  
  105  43:16  Corruptor  
  105  43:17  Corruptor  
  109  43:24  Drone x3  

Tags
 
Add a new tag
Caveats
  • Supply blocks, unpowered buildings, or Contaminate may cause inaccurate times.
  • Supply counts are checked every 10 seconds.